 Dungeon Crawl Stone Soup version 0.27.1-3-gb3d3a73c9e (webtiles) character file.

Game seed: 910373194527568369

372 Eitelfritz the Slasher (level 6, -6/51 HPs)
             Began as a Minotaur Gladiator on Oct 25, 2021.
             Mangled by Duvessa (8 damage)
             ... on level 4 of the Dungeon.
             The game lasted 00:06:47 (3451 turns).

Eitelfritz the Slasher (Minotaur Gladiator)         Turns: 3451, Time: 00:06:48

Health: -6/51      AC:  5    Str: 18    XL:     6   Next: 43%
Magic:  5/5        EV: 13    Int:  7    God:
Gold:   148        SH:  0    Dex: 12    Spells: 5/5 levels left

rFire    . . .     SeeInvis .   a - +0 long sword
rCold    . . .     Faith    .   (no shield)
rNeg     . . .     Spirit   .   b - +0 leather armour
rPois    .         Reflect  .   c - +0 hat
rElec    .         Harm     .   (no cloak)
rCorr    .         Rampage  .   k - +1 pair of gloves
Will     .....                  (no boots)
Stlth    ++........             (no amulet)
HPRegen  0.17/turn              (no ring)
MPRegen  0.09/turn              (no ring)

@: no status effects
A: horns 2, retaliatory headbutt
a: no special abilities


You were on level 4 of the Dungeon.
You visited 1 branch of the dungeon, and saw 4 of its levels.

You collected 148 gold pieces.

Inventory:

Hand Weapons
 a - a +0 long sword (weapon)
Missiles
 d - 3 throwing nets (quivered)
 l - 32 poisoned darts
 o - 4 curare-tipped darts
Armour
 b - a +0 leather armour (worn)
 c - a +0 hat (worn)
 k - a +1 pair of gloves (worn)
 r - a +2 buckler
Scrolls
 e - a scroll of acquirement {unknown}
 g - 2 scrolls of amnesia {unknown}
 i - a scroll of teleportation {unknown}
 j - a scroll of fog {unknown}
 q - 2 scrolls of noise {unknown}
 s - a scroll of fear {unknown}
 t - a scroll of identify {unknown}
Potions
 f - a potion of lignification {unknown}
 h - a potion of heal wounds {unknown}
 m - 2 potions of curing {unknown}
 n - a potion of magic {unknown}
 p - a potion of attraction {unknown}


   Skills:
 + Level 3.6 Fighting
 + Level 6.5 Long Blades
 + Level 2.0 Throwing
 + Level 3.0 Armour
 + Level 4.2 Dodging
 + Level 1.6 Stealth


You had 5 spell levels left.
You didn't know any spells.
Your spell library contained the following spells:

 Spells                   Type           Power      Damage    Failure   Level
 Animate Skeleton         Necr           0%         N/A       50%         1
 Apportation              Tloc           0%         N/A       50%         1
 Corona                   Hex            0%         N/A       50%         1
 Summon Small Mammal      Summ           0%         N/A       50%         1
 Cause Fear               Hex            0%         N/A       99%         4
 Dragon Form              Tmut           0%         N/A       100%        7
 Dragon's Call            Summ           0%         N/A       100%        9


Dungeon Overview and Level Annotations

Branches:
Dungeon (4/15)
 Temple: D:4-7

Altars:
Cheibriados
Elyvilon

Annotations:
D:4 Dowan, Duvessa


Innate Abilities, Weirdness & Mutations

You have a pair of horns on your head.
You reflexively headbutt those who attack you in melee.


Message History

Dowan points at you and mumbles some strange words.
The puff of flame hits you!
Duvessa, Sister of Dowan comes into view.
She is wielding a +0 short sword of speed.
Duvessa shouts!
Dowan gestures at Duvessa while chanting.
Duvessa seems to speed up.
Duvessa closely misses you. You furiously retaliate!
You headbutt Duvessa.
Duvessa hits you with a +0 short sword of speed.
You see here a sedimented blue potion.
You hit Duvessa.
Duvessa is lightly wounded.
Duvessa hits you with a +0 short sword of speed!
Duvessa closely misses you.
You riposte.
You hit Duvessa.
Duvessa is moderately wounded.
You barely miss Duvessa.
Duvessa is moderately wounded.
Duvessa barely misses you. You furiously retaliate!
You headbutt Duvessa.
Duvessa closely misses you. x2; You furiously retaliate!
You headbutt Duvessa, but do no damage.
You riposte.
You hit Duvessa but do no damage. You headbutt Duvessa, but do no damage.
Duvessa is moderately wounded.
Okay, then.
Unknown command.
You hit Duvessa.
Duvessa is moderately wounded.
Duvessa hits you with a +0 short sword of speed.
Dowan casts a spell.
Dowan blinks!
Duvessa hits you with a +0 short sword of speed.
You barely miss Duvessa.
Duvessa is moderately wounded.
Duvessa hits you with a +0 short sword of speed. x2
You hit Duvessa.
Duvessa is heavily wounded.
Duvessa hits you with a +0 short sword of speed!
* * * LOW HITPOINT WARNING * * *
Dowan hits you with a +0 dagger.
* * * LOW HITPOINT WARNING * * *
Duvessa hits you with a +0 short sword of speed!
You die...

##.####.######
........##...###
##.#.......#...#
.....#...#...#.##
.#.###>..##.....#
.#.......#####..##
.#.....#.# #...#
...#####.......#e#
.#.# #########@#
...# #e# .### #.#
..# .## #. #. #.


You could see Duvessa (fast) and Dowan.

Vanquished Creatures
  A black bear (D:4)
  A howler monkey (D:4)
  An iron imp (D:3)
  An iguana (D:4)
  2 orc wizards (D:4)
  4 adders
  A howler monkey skeleton (D:4)
  An ufetubus (D:4)
  3 worms
  2 dart slugs
  2 orcs (D:4)
  2 bats (D:1)
  8 endoplasms
  4 giant cockroaches
  8 goblins
  6 hobgoblins
  2 jackals (D:4)
  6 quokkas
  11 ball pythons
  A frilled lizard (D:3)
  5 kobolds
  9 rats
81 creatures vanquished.

Notes
Turn   | Place    | Note
-------+----------+-------------------------------------------
     0 | D:1      | Eitelfritz the Minotaur Gladiator began the quest for the
                  | Orb.
     0 | D:1      | Reached XP level 1. HP: 18/18 MP: 0/0
   210 | D:1      | Reached XP level 2. HP: 25/25 MP: 1/1
   278 | D:1      | Reached skill level 4 in Long Blades
   552 | D:1      | Reached XP level 3. HP: 8/30 MP: 2/2
   915 | D:1      | Found a faded altar of an unknown god.
  1243 | D:2      | Reached skill level 1 in Armour
  1569 | D:2      | Reached XP level 4. HP: 25/37 MP: 3/3
  2329 | D:3      | Reached skill level 5 in Long Blades
  2532 | D:3      | Found a snail-covered altar of Cheibriados.
  2538 | D:3      | Reached XP level 5. HP: 44/45 MP: 4/4
  2943 | D:4      | Reached skill level 1 in Stealth
  3060 | D:4      | Reached skill level 6 in Long Blades
  3212 | D:4      | Found a white marble altar of Elyvilon.
  3307 | D:4      | Noticed a black bear
  3317 | D:4      | Killed a black bear
  3318 | D:4      | Reached XP level 6. HP: 48/51 MP: 5/5
  3443 | D:4      | Noticed Dowan
  3444 | D:4      | Noticed Duvessa
  3451 | D:4      | HP: 2/51 [Dowan (3)]
  3451 | D:4      | Mangled by Duvessa

Illustrated notes

Levels and vault maps discovered:
D:1:      eino_arrival_cavern_b, layout_basic,
          dilly_ecumenical_altar_fadedgnrine, minmay_ruptured
D:2:      layout_basic
D:3:      layout_loops_ring, slow_altar_1
D:4:      layout_loops_cross, mainiacjoe_overflow_brackets, uniq_duvessa

Skill      XL: |  1  2  3  4  5  6 |
---------------+-------------------+-----
Long Blades    | 4 5 6 |  6.5
Armour         | 1 2 3 |  3.0
Fighting       | 3 |  3.6
Dodging        | 4 |  4.2
Stealth        | 1 |  1.6
Throwing       | |  2.0

Action                   |  1- 3 |  4- 6 || total
-------------------------+-------+-------++-------
Melee: Long sword        |    62 |    96 ||   158
       Headbutt          |    11 |    15 ||    26
 Stab: Sleeping          |       |     3 ||     3
       Distracted        |       |     2 ||     2
Armor: Leather armour    |    13 |    22 ||    35
Dodge: Dodged            |    51 |    71 ||   122
       Rpst.: Long sword |     9 |    20 ||    29
